 Dungeon Crawl Stone Soup version 0.29-a0-334-gb41bcbb86e (webtiles) character file.

Game seed: 15110260460694871087

18 spaghetti the Magician (level 2, 21/21 HPs)
             Began as a Djinni Air Elementalist on Apr 14, 2022.
             Was a Follower of Uskayaw.
             Quit the game on level 1 of the Dungeon.
             The game lasted 00:01:01 (811 turns).

spaghetti the Magician (Djinni Air Elementalist)     Turns: 811, Time: 00:01:02

Health: 21/21      AC:  2    Str:  7    XL:     2   Next: 85%
Gold:   15         EV: 12    Int: 16    God:    Uskayaw [*.....] SH:  0 Dex: 13

rFire   + + .      SeeInvis .   (no weapon)
rCold   x . .      Faith    .   (no shield)
rNeg    . . .      Spirit   .   a - +0 robe
rPois   ∞          Reflect  .   (no helmet)
rElec   .          Harm     .   (no cloak)
rCorr   .          Rampage  .   (no gloves)
Will    .....                   (boots unavailable)
Stlth   ++........              (no amulet)
HPRegen 0.07/turn               (no ring)
MPRegen 0.00/turn               (no ring)

@: flying
A: sickness immunity, fire resistance 2, cold vulnerability 1, float, innate
caster, HP casting, extra vitality 1
a: Renounce Religion, Stomp


You were on level 1 of the Dungeon.
You worshipped Uskayaw.
Uskayaw was noncommittal.
You visited 1 branch of the dungeon, and saw 1 of its levels.

You collected 15 gold pieces.


Innate Abilities, Weirdness & Mutations

You are immune to sickness and miasma.
You are immune to poison.
Your flesh is very heat resistant. (rF++)
You are vulnerable to cold. (rC-)
You float through the air rather than walking.
You learn spells naturally, not from books.
Your magical power is your life essence.
You have superior vitality. (+4 MHP)


   Skills:
 - Level 2.1 Dodging
 - Level 1.5 Stealth
 + Level 3.1 Spellcasting


You couldn't memorise any spells.
You knew the following spells:

 Your Spells              Type           Power      Damage    Failure   Level
a - Shock                 Conj/Air       48%        1d6       5%          1
b - Static Discharge      Conj/Air       12%        N/A       8%          2
c - Swiftness             Air            12%        N/A       16%         3
d - Airstrike             Air            6%         N/A       45%         4
Your spell library was empty.

Inventory:

Hand Weapons
 b - a +0 club {mace}
   (You took it off a goblin on level 1 of the Dungeon)
 c - a +0 dagger {short}
   (You took it off a kobold on level 1 of the Dungeon)
 d - a +0 spear {polearm}
   (You found it on level 1 of the Dungeon)
 e - a +0 short sword {short}
   (You took it off a kobold on level 1 of the Dungeon)
 i - a +0 club {mace}
   (You took it off a kobold on level 1 of the Dungeon)
 m - a +0 hunting sling {sling}
   (You found it on level 1 of the Dungeon)
 n - a +0 dagger {short}
   (You found it on level 1 of the Dungeon)
 p - a +0 club {mace}
   (You found it on level 1 of the Dungeon)
Missiles
 f - 21 stones {throwing}
 g - 5 poisoned darts {throwing}
Armour
 a - a +0 robe (worn)
Magical Staves
 r - a staff of poison {!astaff}
   (You found it on level 1 of the Dungeon)
Scrolls
 h - a scroll of fog {unknown}
 j - 3 scrolls of teleportation {unknown}
 k - a scroll of identify {unknown}
Potions
 l - a potion of flight {unknown}
 o - a potion of cancellation {unknown}
 q - 2 potions of resistance {unknown}

Dungeon Overview and Level Annotations

Branches:
Dungeon (1/15)

Altars:
Uskayaw

..#.### #...#...#....#..#.P..P..
..#...###...##.#.####....#.......
..##.......# ...####.#...##...†.
..####<.#### #.##.........#.....
.....##########.#.....#.....###P.
.....#####...##.......#...####.##
..........................# #.
...............#............ ..
..............[#@.............
.....###....####............##
?....# #...## #.............
....$..(...# #..........
.....#.###... ......... #......
#.... ......... #..#.#
#.............. ..
.....##........


There were no monsters in sight!


Message History

You take 1 damage, and now have 19/21 hp.
Aiming: Shock (safe; 5% risk of failure)
Press: ? - help, Q - select action, (/) - cycle Shift-Dir - straight line, f - you That beam is likely to hit you.
Continue anyway? [Y]es or [N]o only, please.
That beam is likely to hit you.
Continue anyway?
Okay, then.
l - a glowing sapphire potion 😎 HP[+2]
Your hp is fully restored (21).
An endoplasm comes into view.
An endoplasm is nearby!
An endoplasm is nearby!
An endoplasm is nearby!
Aiming: Shock (safe; 5% risk of failure)
Press: ? - help, Q - select action, (/) - cycle Shift-Dir - straight line, f - endoplasm
Aim: an endoplasm (asleep, 100% to hit)
The zap hits the endoplasm.
The endoplasm quivers. 😕 HP[-1]
You take 1 damage, and now have 20/21 hp.
Aiming: Shock (safe; 5% risk of failure)
Press: ? - help, Q - select action, (/) - cycle Shift-Dir - straight line, f/p - endoplasm
Aim: an endoplasm (heavily wounded, 97% to hit)
The zap hits the endoplasm.
You kill the endoplasm! 😕 HP[-1]
You take 1 damage, and now have 19/21 hp.
Aiming: Shock (safe; 5% risk of failure)
Press: ? - help, Q - select action, (/) - cycle Shift-Dir - straight line, f - you That beam is likely to hit you.
Continue anyway?
Okay, then.
A ball python comes into view. 😎 HP[+2]
Your hp is fully restored (21).
A ball python is nearby!
A ball python is nearby!
A ball python is nearby!
Aiming: Shock (safe; 5% risk of failure)
Press: ? - help, Q - select action, (/) - cycle Shift-Dir - straight line The zap hits the ball python.
You kill the ball python! 😕 HP[-1]
You take 1 damage, and now have 20/21 hp.
Aiming: Shock (safe; 5% risk of failure)
Press: ? - help, Q - select action, (/) - cycle Shift-Dir - straight line, f - you That beam is likely to hit you.
Continue anyway?
Okay, then.
m - a +0 hunting sling {sling} 😎 HP[+1]
Your hp is fully restored (21).
n - a +0 dagger {short} A quokka comes into view.
A quokka is nearby!
A quokka is nearby!
Aiming: Shock (safe; 5% risk of failure)
Press: ? - help, Q - select action, (/) - cycle Shift-Dir - straight line, f - quokka
Aim: a quokka (asleep, 100% to hit)
The zap hits the quokka. 😕 HP[-1]
You take 1 damage, and now have 20/21 hp.
Aiming: Shock (safe; 5% risk of failure)
Press: ? - help, Q - select action, (/) - cycle Shift-Dir - straight line, f/p - quokka
Aim: a quokka (heavily wounded, 56% to hit)
The zap misses the quokka. 😕 HP[-1]
You take 1 damage, and now have 19/21 hp.
Aiming: Shock (safe; 5% risk of failure)
Press: ? - help, Q - select action, (/) - cycle Shift-Dir - straight line, f/p - quokka
Aim: a quokka (heavily wounded, 56% to hit)
The zap hits the quokka. 😕 HP[-1]
You take 1 damage, and now have 18/21 hp.
Aiming: Shock (safe; 5% risk of failure)
Press: ? - help, Q - select action, (/) - cycle Shift-Dir - straight line, f/p - quokka
Aim: a quokka (almost dead, 56% to hit)
The zap misses the quokka.
Aiming: Shock (safe; 5% risk of failure)
Press: ? - help, Q - select action, (/) - cycle Shift-Dir - straight line, f/p - quokka
Aim: a quokka (almost dead, 56% to hit)
The zap hits the quokka.
You kill the quokka! 😕 HP[-1]
You take 1 damage, and now have 17/21 hp.
Unknown command.
Key pressed, stopping explore.
Key pressed, stopping explore.
j - 2 scrolls labelled DAPHIUSIXZO (gained 1)
o - a bubbling sapphire potion 😎 HP[+4]
Your hp is fully restored (21).
Key pressed, stopping explore.
j - 3 scrolls labelled DAPHIUSIXZO (gained 1)
You now have 15 gold pieces.
p - a +0 club {mace}
q - 2 smoky green potions Are you sure you want to abandon this character and quit the game? (Confirm with "yes".)
Okay, then.
r - a staff of poison {!astaff} Are you sure you want to abandon this character and quit the game? (Confirm with "yes".)

Skill      XL: |  1  2 |
---------------+-------+-----
Spellcasting   | 3 |  3.1
Dodging        | |  2.1
Stealth        | |  1.5

Action                   || total
-------------------------++-------
 Cast: Shock             ||    35
Dodge: Dodged            ||     3

Levels and vault maps discovered:
D:1:      dpeg_arrival_round_b, layout_rooms, shapermc_ecumenical_altar_gd

Notes
Turn   | Place    | Note
-------+----------+-------------------------------------------
     0 | D:1      | spaghetti the Djinni Air Elementalist began the quest for
                  | the Orb.
     0 | D:1      | Reached XP level 1. HP: 15/15 MP: 0/0
     0 | D:1      | magus.rc [v1.9.6]
   145 | D:1      | Reached XP level 2. HP: 12/21 MP: 0/0
   462 | D:1      | Found a faded altar of an unknown god.
   479 | D:1      | Reached skill level 3 in Spellcasting
   486 | D:1      | Prayed at the altar of an unknown god.
   486 | D:1      | Became a worshipper of Uskayaw the Reveller
   486 | D:1      | Reached * piety under Uskayaw
   811 | D:1      | Quit the game

Vanquished Creatures
  2 ball pythons (D:1)
  2 endoplasms (D:1)
  2 giant cockroaches (D:1)
  A goblin (D:1)
  A hobgoblin (D:1)
  A quokka (D:1)
  3 frilled lizards (D:1)
  3 kobolds (D:1)
  2 rats (D:1)
17 creatures vanquished.

Vanquished Creatures (others)
  2 fungi (D:1)
  A plant (D:1)
3 creatures vanquished.

Grand Total: 20 creatures vanquished

Table legend:
 A = Non-vault XP
 B = Vault XP
 C = Vault XP percentage of total XP
 D = Non-vault monster count
 E = Vault monster count
 F = Vault count percentage of total count
                 A         B        C        D         E       F
            +---------+---------+-------+---------+---------+-------
      Total |      26 |       0 |   0.0 |      17 |       0 |   0.0
            +---------+---------+-------+---------+---------+-------
        D:1 |      26 |       0 |   0.0 |      17 |       0 |   0.0
            +---------+---------+-------+---------+---------+-------

Illustrated notes

Table legend:
 A = Kills in this place as a percentage of kills in entire the game.
 B = Kills by you in this place as a percentage of kills by you in the entire game.
 C = Kills by friends in this place as a percentage of kills by friends in the entire game.
 D = Other kills in this place as a percentage of other kills in the entire game.
 E = Experience gained in this place as a percentage of experience gained in the entire game.
 F = Experience gained in this place divided by the number of levels of this place that you have seen.
                   A       B       C       D       E      F
               +-------+-------+-------+-------+-------+----------------------
         Total | 100.0 | 100.0 |   N/A |   N/A | 100.0 |  26.0
       Dungeon | 100.0 | 100.0 |   N/A |   N/A | 100.0 |  26.0
               +-------+-------+-------+-------+-------+----------------------

Table legend: (Time is in decaauts)
 A = Elapsed time spent in this place.
 B = Non-inter-level travel time spent in this place.
 C = Inter-level travel time spent in this place.
 D = Time resting spent in this place.
 E = Time spent auto-exploring this place.
 F = Levels seen in this place.
 G = Mean time per level.
                   A        B        C        D        E       F      G
               +--------+--------+--------+--------+--------+-----+--------+
         Total |    811 |    804 |      7 |    333 |    407 |   1 |  811.0 |
       Dungeon |    811 |    804 |      7 |    333 |    407 |   1 |  811.0 |
               +--------+--------+--------+--------+--------+-----+--------+

Top non-repeatable levels by time:
     D:1: 811 daAuts
